AoeStats
← Very ellegant player

Arena

509979216Analyzed
2v2 RM · 3d ago on Sep 28, 2026· 45m 11s· 4 players
Game mode
Random Map
Map size
Medium (4 player)
Population
200
Speed
Normal
Resources
Standard
Victory
Conquest
Starting age
Dark Age
Ending age
Imperial Age
RankedLock teamsTeams togetherTeam positionsShared explorationLock speedFull tech treeHidden civsTurbo modeCheats
Victory
Defeat
🇦🇷 Georgians · Argentina
1264
+18
🇦🇷 Bengalis · Argentina
1183
+21
🇳🇱 Bengalis · Netherlands
1304
-20
🇺🇸 Italians · United States
1295
-19
buzzkill
10:25 Feudal Age
15:35 Castle Age
13:57 Double-Bit Axe
15:06 Wheelbarrow
16:46 Bow Saw
19:54 Loom
22:39 Fletching
31:14 Bodkin Arrow
31:57 Ballistics
32:44 Padded Archer Armor
37:11 Imperial Age
34:30 Town Watch
36:13 Fortified Wall
37:47 Hand Cart
39:06 Chemistry
38:11 Bracer
39:55 Two-Man Saw
40:51 Leather Archer Armor
45:39 Thumb Ring
.I.
9:49 Feudal Age
14:25 Castle Age
12:42 Double-Bit Axe
13:03 Horse Collar
15:30 Bow Saw
20:46 Wheelbarrow
22:40 Hand Cart
23:16 Loom
27:42 Imperial Age
25:27 Gold Mining
26:32 Heavy Plow
27:12 Fletching
27:22 Padded Archer Armor
27:24 Husbandry
27:35 Bloodlines
27:56 Ballistics
28:18 Bodkin Arrow
27:47 Elite Elephant Archer
30:10 Two-Man Saw
30:30 Gold Shaft Mining
29:57 Bracer
30:13 Leather Archer Armor
30:04 Town Watch
31:39 Chemistry
31:08 Conscription
30:56 Paiks
32:14 Siege Engineers
32:05 Murder Holes
32:26 Fortified Wall
32:57 Ring Archer Armor
34:13 Murder Holes
40:03 Siege Elephant
Very ellegant player
10:59 Feudal Age
14:45 Castle Age
12:40 Double-Bit Axe
13:59 Horse Collar
21:44 Bow Saw
22:01 Redemption
24:07 Heavy Plow
27:20 Wheelbarrow
26:33 Loom
27:41 Stone Mining
28:57 Hand Cart
29:34 Fletching
29:56 Forging
29:53 Scale Barding Armor
30:23 Bodkin Arrow
30:28 Padded Archer Armor
32:07 Paiks
34:41 Imperial Age
32:52 Husbandry
33:02 Bloodlines
34:09 Iron Casting
33:49 Leather Archer Armor
36:41 Chemistry
35:46 Bracer
36:16 Ring Archer Armor
36:58 Conscription
36:13 Elite Ratha (Ranged)
37:04 Gold Mining
37:55 Ring Archer Armor
38:12 Ballistics
38:03 Fortified Wall
41:00 Blast Furnace
Eros.99
10:36 Feudal Age
14:40 Castle Age
12:50 Horse Collar
13:29 Double-Bit Axe
16:21 Heavy Plow
16:39 Bow Saw
16:18 Loom
22:01 Wheelbarrow
22:11 Gold Mining
29:25 Imperial Age
26:56 Treadmill Crane
27:11 Fletching
27:57 Masonry
27:39 Guard Tower
28:05 Stone Mining
28:16 Bodkin Arrow
28:49 Svan Towers
29:20 Ballistics
29:56 Hand Cart
30:49 Keep
30:19 Bracer
30:34 Arrowslits
31:19 Scale Barding Armor
32:55 Chemistry
32:42 Architecture
33:44 Chain Barding Armor
34:17 Stone Shaft Mining
35:21 Husbandry
35:33 Bloodlines
37:09 Pikeman
37:49 Squires
37:36 Gambesons
37:53 Scale Mail Armor
38:46 Halberdier
40:36 Chain Mail Armor
43:00 Light Cavalry
44:19 Plate Barding Armor
43:51 Hussar
45:09 Forging
Connection lost

Rejoining the realm…

Still unreachable

The connection could not be restored.

Session expired

The server has moved on; the page needs a fresh start.